 Seeded DCSS version 0.29.0-13-gc9e81de378 (webtiles) character file.

Game seed: 12659504984886773333 (custom seed)

21 NinjaNoafa the Magician (level 3, -4/25 HPs)
             Began as a Djinni Venom Mage on Sept 9, 2022.
             Slain by a gnoll
             ... wielding a +0 halberd
              (9 damage)
             ... on level 1 of the Dungeon.
             The game lasted 00:02:45 (1201 turns).

NinjaNoafa the Magician (Djinni Venom Mage)         Turns: 1201, Time: 00:02:46

Health: -4/25      AC:  2    Str:  7    XL:     3   Next: 2%
Gold:   54         EV: 27    Int: 18    God:
                   SH:  0    Dex: 18

rFire   + + .      SeeInvis .   c - staff of poison
rCold   x . .      Faith    .   (no shield)
rNeg    + + .      Spirit   .   a - +0 robe
rPois   ∞          Reflect  .   (no helmet)
rElec   .          Harm     .   (no cloak)
rCorr   .          Rampage  .   (no gloves)
Will    .....                   (boots unavailable)
Stlth   ++........              b - amulet of the Glamorous God {Acrobat Fragile rN++ Dex+5}
HPRegen 0.08/turn               (no ring)
MPRegen 0.00/turn               (no ring)

@: acrobatic, flying
A: sickness immunity, fire resistance 2, cold vulnerability 1, float, innate
caster, HP casting, extra vitality 1
a: no special abilities


You were on level 1 of the Dungeon.
You visited 1 branch of the dungeon, and saw 2 of its levels.

You collected 54 gold pieces.

Inventory:

Missiles
 h - 3 poisoned darts
 i - 6 stones
Armour
 a - a +0 robe (worn)
Magical Staves
 c - a staff of poison (weapon)
Jewellery
 b - the amulet of the Glamorous God (around neck) {Acrobat Fragile rN++ Dex+5}
   (You acquired it on level 1 of the Dungeon)

   [amulet of the acrobat]

   It increases your evasion while moving and waiting.
   Dex:       It affects your dexterity (+5).
   rN:        It greatly protects you from negative energy.
   Fragile:   It will be destroyed if unequipped.
Scrolls
 j - a scroll of butterflies {unknown}
Potions
 e - a potion of curing
 f - a potion of ambrosia


   Skills:
 - Level 2.1 Dodging
 - Level 1.5 Stealth
 + Level 3.1 Spellcasting


You couldn't memorise any spells.
You knew the following spells:

 Your Spells              Type           Power      Damage    Failure   Level
a - Sting                 Tmut/Pois      84%        1d7       4%          1
b - Poisonous Vapours     Pois/Air       42%        N/A       7%          2
c - Mephitic Cloud        Conj/Pois/Air  21%        N/A       13%         3
d - Olgreb's Toxic Radia  Pois           21%        N/A       41%         4
e - Foxfire               Conj/Fire      56%        2x1d6     4%          1
Your spell library was empty.

Dungeon Overview and Level Annotations

Branches:
Dungeon (2/15)

Altars:


Innate Abilities, Weirdness & Mutations

You are immune to sickness and miasma.
You are immune to poison.
Your flesh is very heat resistant. (rF++)
You are vulnerable to cold. (rC-)
You float through the air rather than walking.
You learn spells naturally, not from books.
Your magical power is your life essence.
You have superior vitality. (+4 MHP)


Message History

Aim: a gnoll, wielding a +0 halberd (79% to hit)
You feel a surge of power!
The sting misses the gnoll.
The gnoll closely misses you.
Casting: Sting (safe; 4% risk of failure)
Confirm with . or Enter, or press ? or * to list all spells.
Aiming: Sting (safe; 4% risk of failure)
Press: ? - help, Shift-Dir - straight line, f/p - gnoll
Aim: a gnoll, wielding a +0 halberd (79% to hit)
You feel a surge of power!
The sting misses the gnoll.
The gnoll closely misses you.
Casting: Sting (safe; 4% risk of failure)
Confirm with . or Enter, or press ? or * to list all spells.
Aiming: Sting (safe; 4% risk of failure)
Press: ? - help, Shift-Dir - straight line, f/p - gnoll
Aim: a gnoll, wielding a +0 halberd (79% to hit)
You feel a surge of power!
The sting hits the gnoll.
The gnoll is poisoned.
The gnoll is lightly wounded.
The gnoll closely misses you.
Casting: Sting (safe; 4% risk of failure)
Confirm with . or Enter, or press ? or * to list all spells.
Aiming: Sting (safe; 4% risk of failure)
Press: ? - help, Shift-Dir - straight line, f/p - gnoll
Aim: a gnoll, wielding a +0 halberd (lightly wounded, poisoned, 79% to hit)
You feel a surge of power!
The sting hits the gnoll but does no damage.
The gnoll looks even sicker.
The gnoll is lightly wounded.
The gnoll hits you with a +0 halberd.
* * * LOW HITPOINT WARNING * * *
Casting: Sting (safe; 4% risk of failure)
Confirm with . or Enter, or press ? or * to list all spells.
You conjure some foxfire!
* * * LOW HITPOINT WARNING * * *
The gnoll closely misses you.
The foxfire hits the gnoll but does no damage.
The gnoll is moderately wounded.
The foxfire hits the gnoll.
The gnoll is severely wounded.
The gnoll hits you with a +0 halberd!
You die...

##### ###.... ##
############...### .#
#............### #
.#### #.##########.###
# ....## #@g# #...###
.##..# ##.# #.#....
.###.## ##.# ##.####.
.# #..## #..## #..#....
†# ##..# ##...#
##.#..#.. .# ##.###
#[...# #....##.. ##
#...######.#..#
#..####.. #
###.....##.#..######..#
#.. #
#######.......##......#
##..


You could see a gnoll (very poisoned).

Vanquished Creatures
  2 ball pythons (D:1)
  3 endoplasms (D:1)
  3 hobgoblins
  4 bats (D:1)
  A frilled lizard (D:2)
  4 kobolds
  5 rats (D:1)
22 creatures vanquished.

Vanquished Creatures (others)
  2 foxfires (D:1)
2 creatures vanquished.

Grand Total: 24 creatures vanquished

Notes
Turn   | Place    | Note
-------+----------+-------------------------------------------
     0 | D:1      | NinjaNoafa the Djinni Venom Mage began the quest for the
                  | Orb.
     0 | D:1      | NinjaNoafa set off with the following spells memorised:
                  | Sting, Poisonous Vapours, Mephitic Cloud, Olgreb's Toxic
                  | Radiance.
     0 | D:1      | Reached XP level 1. HP: 15/15 MP: 0/0
   324 | D:1      | Reached XP level 2. HP: 19/21 MP: 0/0
   441 | D:1      | Identified a scroll of acquirement
   442 | D:1      | Acquired the amulet of the Glamorous God {Acrobat Fragile
                  | rN++ Dex+5}
   466 | D:1      | Reached skill level 3 in Spellcasting
  1031 | D:1      | Reached XP level 3. HP: 12/25 MP: 0/0
  1031 | D:1      | Learned a level 1 spell: Foxfire
  1201 | D:1      | Slain by a gnoll

Illustrated notes

Levels and vault maps discovered:
D:1:      amcnicky_arrival_wind_blow, layout_rooms, serial_park_tiny_2,
          minmay_split_cup_large
D:2:      layout_basic, serial_rivers, chequers_serial_rivers_micro_a,
          chequers_serial_rivers_marsh, chequers_serial_rivers_small_a,
          chequers_serial_rivers_small_a, chequers_serial_rivers_marsh

Skill      XL: |  1  2 |
---------------+-------+-----
Spellcasting   | 3 |  3.1
Dodging        | |  2.1
Stealth        | |  1.5

Action                   || total
-------------------------++-------
Melee: Staff             ||     9
 Cast: Sting             ||    30
       Poisonous Vapours ||     7
       Foxfire           ||     1
  Use: Scroll            ||     4
       Potion            ||     3
Armor: Robe              ||     5
Dodge: Dodged            ||    24
